 Dungeon Crawl Stone Soup version 0.32-a0-450-g080537f31e (webtiles) character file.

Game seed: 8722728243893723383

239 dialectric the Chopper (level 6, -7/48 HPs)
             Began as a Coglin Berserker on Feb 23, 2024.
             Was a Believer of Trog.
             Killed from afar by Dowan (23 damage)
             ... with a shard of ice
             ... on level 4 of the Dungeon.
             The game lasted 00:03:00 (2746 turns).

dialectric the Chopper (Coglin Berserker)           Turns: 2746, Time: 00:03:01

Health: -7/48      AC:  0    Str: 19    XL:     6   Next: 7%
Magic:  6/6        EV: 15    Int:  7    God:    Trog [**....]
Gold:   110        SH:  0    Dex: 13    Spells: 5/5 levels left

rFire   . . .        a - melded +0 hand axe {Kasem}
rCold   . . .        u - melded +1 dagger (pain) {Dunstan}
rNeg    . . .        o - melded +0 ring mail
rPois   .            (helmet currently unavailable)
rElec   .            q - melded +2 cloak
rCorr   .            (gloves currently unavailable)
SInv    .            (boots currently unavailable)
Will    .....        (no amulet)
Stlth   +            (ring currently unavailable)
HPRegen 0.28/turn    (ring currently unavailable)
MPRegen 0.10/turn

%: no passive effects
@: pig-form, on berserk cooldown, slowed
A: fast, no casting, small, (off-hand wielding), (slow wielding), (warmup
strikes), (legs shutdown)
a: Renounce Religion, Berserk, Trog's Hand


You were on level 4 of the Dungeon.
You worshipped Trog.
Trog was pleased with you.
You were a filthy swine.
You visited 1 branch of the dungeon, and saw 4 of its levels.

You collected 110 gold pieces.

Inventory:

Hand Weapons
 a - a +0 hand axe (melded) {Kasem}
 j - a +0 dagger {Tiberia}
 u - a +1 dagger of pain (melded) {Dunstan}
Armour
 o - a +0 ring mail (melded)
 q - a +2 cloak (melded)
Jewellery
 s - a ring of protection from fire
Scrolls
 b - 2 scrolls of identify {unknown}
 d - a scroll of enchant armour {unknown}
 e - a scroll of brand weapon {unknown}
 h - 2 scrolls of enchant weapon {unknown}
 i - 3 scrolls of teleportation {unknown}
 k - a scroll of vulnerability {unknown}
 n - a scroll of blinking {unknown}
 r - a scroll of amnesia {unknown}
 t - a scroll of revelation {unknown}
Potions
 c - 2 potions of resistance {unknown}
 f - a potion of berserk rage
 g - a potion of ambrosia {unknown}
 l - 2 potions of brilliance {unknown}
 m - a potion of experience {unknown}
 p - a potion of curing {unknown}
 v - a potion of degeneration {unknown}


   Skills:
 + Level 4.1 Fighting
 + Level 4.1 Axes
 + Level 3.1 Armour
 + Level 3.1 Dodging


You had 5 spell levels left.
You didn't know any spells.
Your spell library was empty.

Dungeon Overview and Level Annotations

Branches:
Dungeon (4/15)
 Temple: D:4-7

Altars:
Vehumet

Shops:
D:2 (

Annotations:
D:4 Dowan, Pikel


Innate Abilities, Weirdness & Mutations

You are a filthy swine.
You move quickly.
Your equipment is almost entirely melded.
You are incapable of wielding weapons or throwing items.
You cannot cast spells.
((You can wield a second weapon in your off-hand.))
((It takes a long time for you to wield or remove held weapons.))
((Your first few attacks do less damage.))
((Attacking and casting redirects power from your legs.))


Message History

You have reached level 6!
You cannot move.
You cannot move.
You cannot move.
Unknown command.
You are no longer unable to travel.
Dowan gestures at you while chanting. The shard of ice misses you.
You feel a strong urge to attack something.
Dowan says, "Magic will overcome all!"
Dowan zaps a wand.
You resist with some effort.
There is a broken door, spattered with blood here.
Things that are here:
a +0 rapier; a +0 leather armour You miss Dowan with your +0 hand axe.
You barely miss Dowan with your +1 dagger of pain.
Dowan zaps a wand.
You turn into a filthy swine.
Your +0 hand axe {Kasem} melds into your body.
Your +2 cloak melds into your body.
Your +1 dagger of pain {Dunstan} melds into your body.
Your +0 ring mail melds into your body.
You barely miss Dowan.
You are no longer unable to travel.
Dowan hits you with a +0 dagger.
You closely miss Dowan. Dowan hits you with a +0 dagger.
Unknown command.
There is a broken door, spattered with blood here.
Things that are here:
a +0 rapier; a +0 leather armour You feel a strong urge to attack something.
You are no longer berserk.
You are exhausted.
You feel yourself slow down.
Dowan gestures wildly while chanting.
Dowan blinks!
It was a potion of berserk rage.
You're still recovering from your berserk rage.
Dowan gestures at you while chanting. The shard of ice hits you!!
You die...

+ +.......... #.
#+##..........
####.##..#..........
.........#..........
.........'.......... ##
.........#....####'###..
###.##.##....# ......
###.....# ..... #....h#
...# #.....####'##
#....e#.....#
#.....).....#
#.....####..# ###....
#..# #......#.e..
#......#.>....
#......#........


You could see Dowan (fast).

Vanquished Creatures
  Duvessa (D:4)
  Crazy Yiuf (D:2)
  Natasha (D:4)
  An adder (D:2)
  2 ribbon worms (D:2)
  4 dart slugs
  4 endoplasms
  3 giant cockroaches
  4 goblins
  5 hobgoblins
  13 jackals
  A quokka (D:3)
  4 ball pythons
  5 bats
  7 frilled lizards
  4 kobolds
  7 rats
67 creatures vanquished.

Notes
Turn   | Place    | Note
-------+----------+-------------------------------------------
     0 | D:1      | dialectric the Coglin Berserker began the quest for the
                  | Orb.
     0 | D:1      | Reached XP level 1. HP: 18/18 MP: 1/1
   173 | D:1      | Reached XP level 2. HP: 22/24 MP: 2/2
   533 | D:1      | Reached XP level 3. HP: 29/29 MP: 3/3
   672 | D:1      | Reached ** piety under Trog
   891 | D:2      | Found a radiant altar of Vehumet.
   937 | D:2      | Found Taaquw's Antique Weapon Shoppe.
  1237 | D:2      | Reached XP level 4. HP: 29/35 MP: 4/4
  1421 | D:2      | Found a runed translucent door.
  1422 | D:2      | Noticed Crazy Yiuf
  1729 | D:2      | HP: 2/52 [Crazy Yiuf/+3 quarterstaff of chaos (7)]
  1730 | D:2      | Killed Crazy Yiuf
  2435 | D:3      | Reached XP level 5. HP: 42/42 MP: 5/5
  2510 | D:4      | Noticed Duvessa
  2510 | D:4      | Noticed Dowan
  2667 | D:4      | Noticed an angel
  2673 | D:4      | Noticed a lemure
  2673 | D:4      | Noticed a lemure
  2674 | D:4      | Noticed Pikel
  2676 | D:4      | Noticed a lemure
  2691 | D:4      | Noticed Natasha
  2702 | D:4      | Killed Natasha
  2734 | D:4      | Killed Duvessa
  2735 | D:4      | Reached XP level 6. HP: 25/48 MP: 6/6
  2746 | D:4      | Killed from afar by Dowan

Illustrated notes

Levels and vault maps discovered:
D:1:      minmay_arrival_plants_in_alcoves, layout_loops_cross
D:2:      layout_loops_ring, basic_altar, serial_shops, shop_statue,
          uniq_crazy_yiuf_cottage
D:3:      layout_loops_cross, minmay_misc_feat_enclosed, serial_bayou_pond_e
D:4:      layout_gridville, temple_garden, gammafunk_ghost_necromancy,
          uniq_duvessa, uniq_natasha, uniq_pikel, uniq_robin

Skill      XL: |  1  2  3  4  5 |
---------------+----------------+-----
Armour         | 2 3 |  3.1
Dodging        | 2 3 |  3.1
Fighting       | 4 |  4.1
Axes           | 4 |  4.1

Action                     |  1- 3 |  4- 6 || total
---------------------------+-------+-------++-------
  Melee: Hand axe          |   132 |    70 ||   202
         Dagger            |    17 |    63 ||    80
         Unarmed           |       |     2 ||     2
 Invoke: Berserk           |       |     2 ||     2
    Use: Potion            |       |     1 ||     1
   Stab: Sleeping          |     3 |       ||     3
 Armour: Animal skin       |    84 |     2 ||    86
         Ring mail         |       |    44 ||    44
         Skin              |       |     6 ||     6
  Dodge: Dodged            |    86 |    48 ||   134

Table legend: (Time is in decaauts)
 A = Elapsed time spent in this place.
 B = Non-inter-level travel time spent in this place.
 C = Inter-level travel time spent in this place.
 D = Time resting spent in this place.
 E = Time spent auto-exploring this place.
 F = Levels seen in this place.
 G = Mean time per level.
                   A        B        C        D        E       F      G
               +--------+--------+--------+--------+--------+-----+--------+
         Total |   2770 |   2630 |    140 |     70 |   1967 |   4 |  692.5 |
       Dungeon |   2770 |   2630 |    140 |     70 |   1967 |   4 |  692.5 |
               +--------+--------+--------+--------+--------+-----+--------+

Top non-repeatable levels by time:
     D:2: 1029 daAuts
     D:1: 901 daAuts
     D:3: 697 daAuts
     D:4: 142 daAuts
